[Event "January 2 Late 2024"]
[Site "https://www.chess.com"]
[Date "2024.01.02"]
[Round "8"]
[White "Troff, Kayden"]
[Black "Anton Guijarro, David"]
[Result "0-1"]
[Board "15"]
[TimeControl "180+1"]
[WhiteFideId "2047896"]
[BlackFideId "2285525"]
[WhiteElo "2810"]
[BlackElo "2983"]
[WhiteTeam "USA"]
[BlackTeam "ESP"]
[WhiteClock "0:00:01"]
[BlackClock "0:00:20"]

1. d4 Nf6 2. Nf3 g6 3. Bg5 Bg7 4. Nc3 h6 5. Bxf6 Bxf6 6. e4 Bg7 7. Bc4 e6 8. O-O O-O 9. d5 c6 10. dxe6 dxe6 11. Qxd8 Rxd8 12. Rad1 Rxd1 13. Rxd1 Nd7 14. Bb3 Kf8 15. Rd2 Ke7 16. Ne1 Nc5 17. f3 b5 18. Nd3 Bd4+ 19. Kf1 Nxd3 20. Rxd3 Be5 21. g3 b4 22. Na4 Ba6 23. Nc5 Bxd3+ 24. Nxd3 Bd6 25. e5 Bc7 26. Nxb4 Bxe5 27. Nxc6+ Kd6 28. Na5 Kc5 29. c3 Bc7 30. Nc4 a5 31. Nd2 Kd6 32. Bc2 f5 33. Ke2 e5 34. b3 h5 35. Nc4+ Ke6 36. Ne3 Bb6 37. Ng2 Rc8 38. c4 Rd8 39. Nh4 Kf6 40. Ng2 g5 41. Ne1 g4 42. Bb1 Bg1 43. fxg4 hxg4 44. Ng2 Bxh2 45. Ne3 e4 46. Bxe4 Re8 47. Bxf5 Bg1 48. Bxg4 Bxe3 49. Kd3 Bc5 50. Kd2 Re3 51. Be2 Rxg3 52. Bd3 Ke5 53. Be2 Kd4 54. Kd1 Kc3 55. Ke1 Kb2 0-1

[Event "January 2 Late 2024"]
[Site "https://www.chess.com"]
[Date "2024.01.02"]
[Round "8"]
[White "Rasulov, Vugar"]
[Black "Rastbod, Ali"]
[Result "1-0"]
[Board "16"]
[TimeControl "180+1"]
[WhiteFideId "13402390"]
[BlackFideId "12567477"]
[WhiteElo "2971"]
[BlackElo "2741"]
[WhiteTeam "AZE"]
[BlackTeam "IRI"]
[WhiteClock "0:00:29"]
[BlackClock "0:00:00"]

1. Nf3 Nf6 2. e3 c5 3. b3 d5 4. Bb2 a6 5. d4 cxd4 6. Nxd4 e6 7. Be2 Bb4+ 8. c3 Bd6 9. c4 dxc4 10. Bxc4 Bb4+ 11. Bc3 Bxc3+ 12. Nxc3 b5 13. Be2 Bb7 14. Bf3 Qe7 15. O-O O-O 16. Rc1 Rd8 17. Qe2 Bxf3 18. Qxf3 Ra7 19. a4 b4 20. Ne4 Nd5 21. Qg3 g6 22. h4 e5 23. Nf5 Qe6 24. Nh6+ Kg7 25. Rfd1 f6 26. Ng4 Nc6 27. h5 Nc3 28. h6+ Kf7 29. Nxc3 bxc3 30. Rxd8 Nxd8 31. Rxc3 Rd7 32. e4 Nc6 33. Kh2 Nd4 34. Rc8 Qxb3 35. Qh4 Qe6 36. Rh8 f5 37. Rxh7+ Kf8 38. Rxd7 Qxd7 39. h7 1-0

[Event "January 2 Late 2024"]
[Site "https://www.chess.com"]
[Date "2024.01.02"]
[Round "8"]
[White "Yarar, Bora"]
[Black "Kamsky, Gata"]
[Result "1/2-1/2"]
[Board "17"]
[TimeControl "180+1"]
[WhiteFideId "34588400"]
[BlackFideId "2000024"]
[WhiteElo "2779"]
[BlackElo "2970"]
[WhiteTeam "TUR"]
[BlackTeam "USA"]
[WhiteClock "0:00:19"]
[BlackClock "0:00:03"]

1. e4 c5 2. c3 Nf6 3. e5 Nd5 4. Nf3 Nc6 5. d4 cxd4 6. cxd4 d6 7. Bc4 dxe5 8. Bxd5 Qxd5 9. Nc3 Qa5 10. d5 e4 11. dxc6 exf3 12. Qxf3 Qc7 13. Bf4 e5 14. O-O-O Qxc6 15. Bxe5 Qxf3 16. gxf3 f6 17. Bg3 Kf7 18. Nb5 Bf5 19. Nd6+ Bxd6 20. Rxd6 Rac8+ 21. Kd1 Rhd8 22. Rxd8 Rxd8+ 23. Ke2 Bd3+ 24. Ke3 Bb5 25. Rc1 Bc6 26. Rc3 Rd5 27. a3 Rf5 28. Ke2 h5 29. Bb8 a6 30. f4 Rd5 31. b4 Rd8 32. Bc7 Rc8 33. Bb6 Ke6 34. Re3+ Kf5 35. Re7 g6 36. Bc7 h4 37. Ke3 Rh8 38. Kd4 h3 39. Ke3 Kg4 40. Re6 Kf5 41. Re7 Kg4 42. Re6 Kf5 43. Re7 1/2-1/2

[Event "January 2 Late 2024"]
[Site "https://www.chess.com"]
[Date "2024.01.02"]
[Round "8"]
[White "Riff, Vincent"]
[Black "Liascovich, Lucas"]
[Result "1/2-1/2"]
[Board "18"]
[TimeControl "180+1"]
[WhiteFideId "617776"]
[BlackFideId "108634"]
[WhiteElo "2697"]
[BlackElo "2922"]
[WhiteTeam "FRA"]
[BlackTeam "ARG"]
[WhiteClock "0:02:04"]
[BlackClock "0:02:17"]

1. e4 e5 2. Nf3 Nf6 3. Nxe5 Nc6 4. Nf3 Nxe4 5. d3 Nf6 6. d4 d5 7. Be2 Bd6 8. O-O O-O 9. Bg5 h6 10. Bh4 Bf5 11. Nc3 g5 12. Bg3 Re8 13. Bb5 a6 14. Bxc6 bxc6 15. Ne5 Bxe5 16. Bxe5 Ne4 17. Nxe4 Bxe4 18. f3 Bg6 19. Qd2 f6 20. Bg3 Qd7 21. Rfe1 Kf7 22. c3 Rxe1+ 23. Rxe1 Re8 24. Rxe8 Qxe8 25. Bxc7 Qd7 26. Bg3 Qf5 27. a3 Qb1+ 28. Be1 Qd3 29. Qxd3 Bxd3 30. Kf2 1/2-1/2

[Event "January 2 Late 2024"]
[Site "https://www.chess.com"]
[Date "2024.01.02"]
[Round "8"]
[White "Rosen, Eric"]
[Black "Pranav, V"]
[Result "0-1"]
[Board "19"]
[TimeControl "180+1"]
[WhiteFideId "2032562"]
[BlackFideId "25060783"]
[WhiteElo "2704"]
[BlackElo "3029"]
[WhiteTeam "USA"]
[BlackTeam "IND"]
[WhiteClock "0:00:00"]
[BlackClock "0:00:20"]

1. e4 e5 2. Nf3 Nc6 3. Nc3 Nf6 4. d4 exd4 5. Nxd4 Bb4 6. Nxc6 bxc6 7. Bd3 d6 8. O-O Ng4 9. h3 Ne5 10. Na4 O-O 11. f4 Nxd3 12. cxd3 d5 13. Be3 Re8 14. Qf3 Ba6 15. Rfd1 Bf8 16. Rac1 Rb8 17. b3 Bb5 18. Nc5 Qc8 19. e5 d4 20. Bxd4 Rd8 21. Bf2 Rd5 22. d4 a5 23. a4 Ba6 24. Ne4 Bb7 25. Qe3 Qd8 26. Rd2 Bb4 27. Rdc2 Ba3 28. Rf1 Ba6 29. Re1 Bb4 30. Rec1 Ba3 31. Ra1 Bf8 32. f5 Bc8 33. g4 c5 34. Nxc5 Bxc5 35. Rxc5 Rxc5 36. dxc5 Bb7 37. Kh2 Qd5 38. Rg1 Bc6 39. e6 Re8 40. g5 Qxf5 41. exf7+ Qxf7 42. Qg3 Re2 43. Re1 Rxf2+ 44. Kg1 Rg2+ 45. Qxg2 Bxg2 46. Kxg2 Qxb3 47. Re2 Qxa4 48. g6 hxg6 49. h4 Qxh4 50. Re8+ Kf7 51. Rb8 Qc4 52. c6 Qxc6+ 53. Kg1 a4 0-1

[Event "January 2 Late 2024"]
[Site "https://www.chess.com"]
[Date "2024.01.02"]
[Round "8"]
[White "Le, Quang Long"]
[Black "Fedoseev, Vladimir"]
[Result "0-1"]
[Board "20"]
[TimeControl "180+1"]
[WhiteFideId "12401749"]
[BlackFideId "24130737"]
[WhiteElo "2786"]
[BlackElo "3012"]
[WhiteTeam "CAN"]
[BlackTeam "SLO"]
[WhiteClock "0:00:08"]
[BlackClock "0:01:41"]

1. Nf3 d5 2. c4 d4 3. e3 Nc6 4. exd4 Nxd4 5. Nxd4 Qxd4 6. d3 g6 7. Nc3 c6 8. Be3 Qd8 9. d4 Nh6 10. Be2 Nf5 11. O-O Bg7 12. d5 Nxe3 13. fxe3 O-O 14. Qb3 Qd6 15. Bf3 cxd5 16. Nxd5 e6 17. Nf4 Rb8 18. Rad1 Qc5 19. Be2 b6 20. Kf2 Bb7 21. Rd7 g5 22. Nh5 Qc6 23. Rxb7 Qxb7 24. Qb5 Qe7 25. Bd3 Qc5 26. Nxg7 Qxb5 27. cxb5 Kxg7 28. Be4 Rfd8 29. Ke2 Rd7 30. Rc1 Rbd8 31. Rc2 f5 32. Bc6 Rd6 33. a4 Kf6 34. b4 Rd1 35. a5 Rb1 36. e4 Rxb4 37. exf5 exf5 38. a6 g4 39. g3 h5 40. Ke3 Rb3+ 41. Ke2 Rd6 42. Ra2 Kg5 43. Rc2 h4 44. Kf2 h3 45. Re2 Kf6 46. Rc2 Rd1 47. Ke2 Rdb1 0-1

[Event "January 2 Late 2024"]
[Site "https://www.chess.com"]
[Date "2024.01.02"]
[Round "8"]
[White "Hakobyan, Aram"]
[Black "Song, Ethan"]
[Result "1-0"]
[Board "21"]
[TimeControl "180+1"]
[WhiteFideId "13306677"]
[BlackFideId "62900412"]
[WhiteElo "3009"]
[BlackElo "2772"]
[WhiteTeam "ARM"]
[BlackTeam "CAN"]
[WhiteClock "0:00:58"]
[BlackClock "0:00:35"]

1. d4 Nf6 2. c4 e6 3. Nc3 d5 4. Nf3 Bb4 5. Bg5 O-O 6. e3 h6 7. Bh4 dxc4 8. Bxc4 c5 9. O-O cxd4 10. exd4 Bxc3 11. bxc3 b6 12. Ne5 Bb7 13. Re1 g5 14. Bg3 Nbd7 15. Bd3 Nxe5 16. Bxe5 Nd7 17. Bd6 Re8 18. Qh5 Kg7 19. Re3 Qf6 20. Rae1 a6 21. Rh3 Rh8 22. f4 Rag8 23. fxg5 Qxg5 24. Rg3 Kf6 25. Rf1+ 1-0

[Event "January 2 Late 2024"]
[Site "https://www.chess.com"]
[Date "2024.01.02"]
[Round "8"]
[White "Van Foreest, Jorden"]
[Black "Lie, Kjetil A."]
[Result "1-0"]
[Board "22"]
[TimeControl "180+1"]
[WhiteFideId "1039784"]
[BlackFideId "1501984"]
[WhiteElo "2996"]
[BlackElo "2757"]
[WhiteTeam "NED"]
[BlackTeam "NOR"]
[WhiteClock "0:02:21"]
[BlackClock "0:00:00"]

1. d4 Nf6 2. Nf3 e6 3. c4 c5 4. e3 cxd4 5. exd4 d5 6. Nc3 Be7 7. cxd5 Nxd5 8. Bd3 O-O 9. O-O Nc6 10. Qe2 Nf6 11. Rd1 Re8 12. Bg5 Qa5 13. Bxf6 Bxf6 14. d5 Nb4 15. Bb5 Rd8 16. d6 Bxc3 17. bxc3 Nd5 18. c4 Nc3 19. Qe1 b6 20. Bc6 Nxd1 21. Qxa5 bxa5 22. Rxd1 Rb8 23. c5 Rb4 24. Rc1 Ba6 25. a3 Rb3 26. h4 Rxa3 27. Be4 a4 28. Ne5 Bb5 29. c6 Bxc6 30. Rxc6 Ra1+ 31. Kh2 Rd1 32. d7 f6 33. Rxe6 Kf8 34. Bc6 fxe5 35. Re8+ Kf7 36. Rxd8 a3 37. Ra8 a2 38. Rxa7 1-0

[Event "January 2 Late 2024"]
[Site "https://www.chess.com"]
[Date "2024.01.02"]
[Round "8"]
[White "Svane, Rasmus"]
[Black "Tristan, Leonardo"]
[Result "1-0"]
[Board "23"]
[TimeControl "180+1"]
[WhiteFideId "4657101"]
[BlackFideId "113816"]
[WhiteElo "2986"]
[BlackElo "2753"]
[WhiteTeam "GER"]
[BlackTeam "ARG"]
[WhiteClock "0:00:44"]
[BlackClock "0:00:09"]

1. Nf3 d5 2. g3 Nf6 3. Bg2 Bf5 4. O-O e6 5. c4 c6 6. Qb3 Qb6 7. d3 dxc4 8. Qxc4 Nbd7 9. Nc3 h6 10. a3 Be7 11. b4 O-O 12. Be3 Qd8 13. Rfc1 Bh7 14. a4 Nd5 15. Nxd5 cxd5 16. Qb5 b6 17. a5 a6 18. Qc6 bxa5 19. bxa5 Bf6 20. Rab1 Ne5 21. Nxe5 Bxe5 22. Rb6 Qf6 23. Rxa6 Rxa6 24. Qxa6 Bc3 25. Bc5 Qe5 26. Bxf8 1-0

[Event "January 2 Late 2024"]
[Site "https://www.chess.com"]
[Date "2024.01.02"]
[Round "8"]
[White "Msellek, Ilyass"]
[Black "Matlakov, Maxim"]
[Result "1/2-1/2"]
[Board "24"]
[TimeControl "180+1"]
[WhiteFideId "675938"]
[BlackFideId "4168003"]
[WhiteElo "2745"]
[BlackElo "2965"]
[WhiteTeam "MAR"]
[BlackTeam "RUS"]
[WhiteClock "0:00:10"]
[BlackClock "0:00:46"]

1. d4 Nf6 2. c4 e6 3. Nc3 Bb4 4. e3 b6 5. Ne2 Ba6 6. a3 Be7 7. Nf4 O-O 8. Bd3 d5 9. cxd5 Bxd3 10. Qxd3 exd5 11. b4 c6 12. Bb2 Bd6 13. O-O Re8 14. Qd1 Bxf4 15. exf4 Nbd7 16. Re1 Rxe1+ 17. Qxe1 b5 18. a4 a6 19. a5 Ne8 20. Qe2 Nd6 21. Re1 Qf8 22. Qe7 Re8 23. Qxf8+ Kxf8 24. Kf1 Rd8 25. g4 f5 26. h3 Kf7 27. f3 Nf8 28. Ne2 Ne6 29. Kf2 h5 30. g5 Nc8 31. Bc3 Ne7 32. h4 Ng6 33. Kg3 Re8 34. Bd2 Re7 35. Bc3 Ke8 36. Bd2 Kd7 37. Bc3 Re8 38. Bd2 Re7 39. Bc3 Nd8 40. Nc1 Ne6 41. Ne2 1/2-1/2

[Event "January 2 Late 2024"]
[Site "https://www.chess.com"]
[Date "2024.01.02"]
[Round "8"]
[White "Grigoriants, Sergey"]
[Black "Schnaider, Ilan"]
[Result "1-0"]
[Board "25"]
[TimeControl "180+1"]
[WhiteFideId "4130804"]
[BlackFideId "169013"]
[WhiteElo "2939"]
[BlackElo "2727"]
[WhiteTeam "HUN"]
[BlackTeam "ARG"]
[WhiteClock "0:00:09"]
[BlackClock "0:00:04"]

1. d4 Nf6 2. c4 g6 3. f3 d5 4. cxd5 Nxd5 5. e4 Nb6 6. Nc3 Bg7 7. Be3 O-O 8. Qd2 e5 9. d5 c6 10. h4 cxd5 11. exd5 N8d7 12. h5 Nf6 13. hxg6 fxg6 14. O-O-O e4 15. Kb1 exf3 16. Nxf3 Bf5+ 17. Ka1 Rc8 18. d6 Ne4 19. Nxe4 Bxe4 20. Qb4 Bxf3 21. gxf3 Qf6 22. Bh3 Rc4 23. Qb3 Kh8 24. d7 Rd8 25. Rhe1 Rc6 26. Bd4 Qf8 27. a3 Na8 28. Qxb7 Rc7 29. Qb5 Nb6 30. Re8 Rxe8 31. dxe8=Q Rc8 32. Qxf8+ Rxf8 33. Bxg7+ Kxg7 34. Qc5 Rf7 35. Qd4+ Kh6 36. Be6 Re7 37. Rh1+ Kg5 38. Rg1+ Kh6 39. Qh4+ Kg7 40. Qxe7+ Kh6 41. Rh1# 1-0

[Event "January 2 Late 2024"]
[Site "https://www.chess.com"]
[Date "2024.01.02"]
[Round "8"]
[White "Bardyk, Artem"]
[Black "Alekseenko, Kirill"]
[Result "1-0"]
[Board "26"]
[TimeControl "180+1"]
[WhiteFideId "34349979"]
[BlackFideId "4135539"]
[WhiteElo "2721"]
[BlackElo "2935"]
[WhiteTeam "RUS"]
[BlackTeam "AUT"]
[WhiteClock "0:00:02"]
[BlackClock "0:00:00"]

1. e4 c5 2. c3 Qa5 3. Nf3 Nc6 4. Bd3 e5 5. O-O Nf6 6. Re1 Be7 7. Na3 O-O 8. Nc4 Qc7 9. Ne3 d6 10. a4 Be6 11. Bc4 h6 12. d3 Rfe8 13. Bxe6 fxe6 14. h3 Rf8 15. Bd2 Rf7 16. b4 b6 17. b5 Na5 18. c4 Raf8 19. Bxa5 bxa5 20. Ra2 Bd8 21. Nh2 Nh7 22. Qh5 Qe7 23. Nhg4 Kh8 24. Rf1 Qe8 25. Re1 Rg8 26. Nh2 Qf8 27. Qg4 Rf6 28. Nf3 Qf7 29. h4 Rf4 30. Qg3 Rf8 31. Ree2 Qh5 32. Qh3 Bxh4 33. Qxe6 Ng5 34. Nxg5 Bxg5 35. g3 Rxf2 36. Rxf2 Bxe3 37. Kg2 Bxf2 38. Rxf2 Rxf2+ 39. Kxf2 Kh7 40. Qxd6 Qh2+ 41. Kf3 Qh1+ 42. Kf2 Qa1 43. Qe6 Qd4+ 44. Ke2 h5 45. Qf5+ Kh6 46. g4 hxg4 47. Qxg4 Qb2+ 48. Kf3 Qd2 49. Qh4+ Kg6 50. Qg4+ Qg5 51. Qd7 Qf6+ 52. Ke2 Kh5 53. Qh3+ Kg6 54. Qg4+ Kh6 55. Qh3+ Kg5 56. Qg3+ Kh5 57. Qh3+ Qh4 58. Qf5+ Qg5 59. Qh3+ Kg6 60. Qe6+ Kh7 61. Qh3+ Qh6 62. Qf5+ Qg6 63. Qxe5 Qg2+ 64. Ke3 Qg1+ 65. Kf3 Kh6 66. Qf4+ Kh7 67. Qh4+ Kg8 68. Qd8+ Kh7 69. Qxa5 Qf1+ 70. Ke3 Qg1+ 71. Kf4 Qf2+ 72. Ke5 Qd4+ 73. Ke6 Qxd3 74. e5 Qxc4+ 75. Ke7 Qh4+ 76. Kd7 Qd4+ 77. Ke6 c4 78. Qe1 c3 79. Qh1+ Kg8 80. Qa8+ Kh7 81. Qh1+ Kg6 82. Qg2+ Kh5 83. Qh1+ Kg5 84. Qc1+ Kg4 85. Qc2 Qd2 86. Qg6+ Kf3 87. Qf5+ Ke3 88. Qg5+ Kd3 89. Qg6+ Kc4 90. Qe4+ Kb3 91. Qb1+ Ka3 92. Qa1+ Kb4 93. Qb1+ Ka5 94. b6 a6 95. b7 c2 96. b8=Q cxb1=Q 97. Qxb1 Kxa4 98. Qb6 a5 99. Qd6 Kb3 100. Qxd2 1-0

[Event "January 2 Late 2024"]
[Site "https://www.chess.com"]
[Date "2024.01.02"]
[Round "8"]
[White "Cardoso Cardoso, Jose Gabriel"]
[Black "Yoo, Christopher Woojin"]
[Result "0-1"]
[Board "27"]
[TimeControl "180+1"]
[WhiteFideId "4430492"]
[BlackFideId "30909694"]
[WhiteElo "2712"]
[BlackElo "2928"]
[WhiteTeam "COL"]
[BlackTeam "USA"]
[WhiteClock "0:00:00"]
[BlackClock "0:00:02"]

1. d4 d5 2. c4 e6 3. Nc3 Bb4 4. a3 Bxc3+ 5. bxc3 c6 6. e3 Nf6 7. Nf3 O-O 8. Bd3 b6 9. O-O Ba6 10. cxd5 Bxd3 11. Qxd3 cxd5 12. c4 dxc4 13. Qxc4 Qc8 14. Qb5 Nbd7 15. Bb2 Qb7 16. a4 Rfc8 17. Rfc1 Ne4 18. h3 Nd6 19. Qd3 Qe4 20. Qxe4 Nxe4 21. Kf1 f6 22. Ke2 Kf7 23. Nd2 Nxd2 24. Kxd2 f5 25. f3 Nf6 26. Ba3 Ke8 27. Kd3 Kd7 28. g4 Nd5 29. Rxc8 Rxc8 30. Rc1 Re8 31. Rg1 g6 32. gxf5 exf5 33. e4 Nf4+ 34. Ke3 Nxh3 35. Rh1 Ng5 36. e5 Rc8 37. Kd3 Ke6 38. Bb4 Rc7 39. Bd6 Rc8 40. Bb4 a6 41. f4 Ne4 42. Rxh7 a5 43. Re7+ Kd5 44. Be1 Rc1 45. Ke2 Rc2+ 46. Kd3 Rc1 47. Ke2 Ra1 48. Rd7+ Kc6 49. e6 Rxa4 50. d5+ Kc5 51. e7 Nf6 52. Bf2+ Kb5 53. Kf3 Re4 54. Rd6 Ne8 55. Rd7 a4 56. d6 a3 57. Rd8 Nxd6 58. Rxd6 Rxe7 59. Rd3 Ra7 60. Rd1 a2 61. Ra1 Kc4 62. Bxb6 Ra3+ 63. Ke2 Kc3 64. Kd1 Ra4 0-1

[Event "January 2 Late 2024"]
[Site "https://www.chess.com"]
[Date "2024.01.02"]
[Round "8"]
[White "Harsha Bharathakoti"]
[Black "Adewumi, Tanitoluwa"]
[Result "0-1"]
[Board "28"]
[TimeControl "180+1"]
[WhiteFideId "5078776"]
[BlackFideId "30966396"]
[WhiteElo "2911"]
[BlackElo "2718"]
[WhiteTeam "IND"]
[BlackTeam "USA"]
[WhiteClock "0:00:00"]
[BlackClock "0:00:02"]

1. e4 c5 2. Nf3 Nc6 3. Bc4 e6 4. O-O Nf6 5. Re1 Nxe4 6. Rxe4 d5 7. Bxd5 Qxd5 8. Nc3 Qd8 9. d4 cxd4 10. Nxd4 Bd7 11. Nf5 Qf6 12. Nd6+ Bxd6 13. Qxd6 Qe7 14. Qg3 O-O-O 15. Bf4 f5 16. Nb5 e5 17. Bxe5 fxe4 18. Bd6 Qe6 19. Bb8 Ne5 20. Nc7 Qd6 21. Na6 Qe6 22. Bxe5 Qxa6 23. Qxg7 Qc6 24. Qe7 Rhg8 0-1

[Event "January 2 Late 2024"]
[Site "https://www.chess.com"]
[Date "2024.01.02"]
[Round "8"]
[White "Zhigalko, Sergei"]
[Black "Do Valle Cardoso, Lucas"]
[Result "1-0"]
[Board "29"]
[TimeControl "180+1"]
[WhiteFideId "13502956"]
[BlackFideId "2163144"]
[WhiteElo "2910"]
[BlackElo "2705"]
[WhiteTeam "BLR"]
[BlackTeam "BRA"]
[WhiteClock "0:01:16"]
[BlackClock "0:00:51"]

1. e4 e5 2. Nf3 Nc6 3. Bc4 Nf6 4. d3 Bc5 5. O-O d6 6. c3 a6 7. Nbd2 Ba7 8. Bb3 h6 9. Re1 O-O 10. Nf1 Be6 11. Be3 Bxe3 12. Nxe3 Re8 13. h3 d5 14. exd5 Nxd5 15. Nc4 f6 16. d4 exd4 17. Nxd4 Nxd4 18. Qxd4 Bf7 19. Na5 Rxe1+ 20. Rxe1 c5 21. Qxc5 b6 22. Qd4 bxa5 23. Rd1 Rb8 24. Qe4 Rxb3 25. axb3 Qe7 26. Qxe7 Nxe7 27. Rd8+ Be8 28. Rxe8+ 1-0

[Event "January 2 Late 2024"]
[Site "https://www.chess.com"]
[Date "2024.01.02"]
[Round "8"]
[White "Brodsky, David"]
[Black "Syaputra, Arifa Rizki"]
[Result "1-0"]
[Board "30"]
[TimeControl "180+1"]
[WhiteFideId "2073250"]
[BlackFideId "7105100"]
[WhiteElo "2884"]
[BlackElo "2702"]
[WhiteTeam "USA"]
[BlackTeam "INA"]
[WhiteClock "0:00:08"]
[BlackClock "0:00:00"]

1. e4 e5 2. Nf3 Nc6 3. Bb5 Nge7 4. d4 exd4 5. Nxd4 g6 6. Nc3 Bg7 7. Be3 O-O 8. Nxc6 dxc6 9. Qxd8 Rxd8 10. Bc4 b5 11. Bb3 a5 12. Bc5 a4 13. Bxe7 Re8 14. Bxf7+ Kxf7 15. Bb4 a3 16. O-O-O Be6 17. Kb1 axb2 18. Rd3 Reb8 19. Rhd1 c5 20. Bxc5 b4 21. Nd5 Rb7 22. Bd4 c6 23. Bxg7 Kxg7 24. Nf4 Bxa2+ 25. Kxb2 Bf7 26. Rd7 Raa7 27. Rxb7 Rxb7 28. e5 Re7 29. Nd3 Rb7 30. Ra1 Bd5 31. g3 Kf7 32. Ra5 Re7 33. f4 Rb7 34. Ra4 b3 35. c4 Be4 36. Nc5 1-0

[Event "January 2 Late 2024"]
[Site "https://www.chess.com"]
[Date "2024.01.02"]
[Round "8"]
[White "Kukhmazov, Arsen"]
[Black "Sevgi, Volkan"]
[Result "1-0"]
[Board "31"]
[TimeControl "180+1"]
[WhiteFideId "24108260"]
[BlackFideId "6325335"]
[WhiteElo "2870"]
[BlackElo "2692"]
[WhiteTeam "FID"]
[BlackTeam "TUR"]
[WhiteClock "0:00:09"]
[BlackClock "0:00:04"]

1. d4 Nf6 2. c4 e6 3. Nf3 b6 4. a3 Bb7 5. Nc3 g6 6. Qc2 Bg7 7. e4 d6 8. Be2 Nbd7 9. h3 e5 10. d5 a5 11. Be3 Nh5 12. g3 h6 13. O-O Bc8 14. Nd2 Ndf6 15. Kg2 Nh7 16. Bg4 O-O 17. Qd1 N5f6 18. Bxc8 Qxc8 19. Qe2 Nd7 20. b4 f5 21. exf5 gxf5 22. Nf3 Qe8 23. Rae1 axb4 24. axb4 Ra3 25. Nb5 Rb3 26. Nxc7 Qf7 27. Ne6 f4 28. Bd2 Ra8 29. gxf4 Raa3 30. Be3 exf4 31. Nxf4 Rxb4 32. Nd2 Rb2 33. Rb1 Raa2 34. Rxb2 Rxb2 35. Qg4 Ng5 36. h4 Ne5 37. Qc8+ Bf8 38. hxg5 hxg5 39. Ne6 Ng6 40. Rh1 Nh4+ 41. Rxh4 gxh4 42. Qxf8+ Qxf8 43. Nxf8 Kxf8 44. Kh3 Kf7 45. Kxh4 Kg6 46. Kg4 Rc2 47. Kf4 Rb2 48. Ke4 Kf6 49. Bd4+ 1-0

[Event "January 2 Late 2024"]
[Site "https://www.chess.com"]
[Date "2024.01.02"]
[Round "8"]
[White "Mahdavi, Reza"]
[Black "Hua, Lefong"]
[Result "1-0"]
[Board "32"]
[TimeControl "180+1"]
[WhiteFideId "12595926"]
[BlackFideId "2602253"]
[WhiteElo "2864"]
[BlackElo "2681"]
[WhiteTeam "IRI"]
[BlackTeam "CAN"]
[WhiteClock "0:00:13"]
[BlackClock "0:00:30"]

1. e4 c5 2. Nf3 g6 3. d4 cxd4 4. Nxd4 Bg7 5. c4 Nc6 6. Be3 Nf6 7. Nc3 O-O 8. Be2 d6 9. O-O Bd7 10. h3 Nxd4 11. Bxd4 Bc6 12. Qc2 a5 13. Rad1 Nd7 14. Bxg7 Kxg7 15. Bg4 Nc5 16. Rfe1 Qb6 17. Nd5 Bxd5 18. exd5 Rfe8 19. b3 Qb4 20. Re3 a4 21. Qb2+ Kg8 22. a3 Qb6 23. b4 Nb3 24. Rde1 Qc7 25. Be2 e5 26. dxe6 fxe6 27. f4 Qg7 28. Qxg7+ Kxg7 29. Rd3 Rad8 30. Bd1 Kf6 31. Bxb3 axb3 32. Rxb3 Rc8 33. Re4 d5 34. cxd5 exd5 35. Rd4 Re2 36. Rxd5 Rcc2 37. Rg3 Ra2 38. Rb5 h5 39. Rb6+ Kf5 40. Rbxg6 h4 41. R3g4 Ra1+ 42. Kh2 Ree1 43. R6g5+ Kf6 44. Rxh4 Rh1+ 45. Kg3 Rxa3+ 46. Kg4 Rg1 47. Rh6+ Kf7 48. Kh5 Rb3 49. Rb6 Rf1 50. Rxb7+ Kf6 51. Rb6+ Kf7 52. Rc5 Ke7 53. Rc7+ Kd8 54. Rg7 Kc8 55. Rf6 1-0

[Event "January 2 Late 2024"]
[Site "https://www.chess.com"]
[Date "2024.01.02"]
[Round "8"]
[White "Fantinel, Thibault"]
[Black "Maksimovic, Bojan"]
[Result "1/2-1/2"]
[Board "33"]
[TimeControl "180+1"]
[WhiteFideId "663395"]
[BlackFideId "14408120"]
[WhiteElo "2674"]
[BlackElo "2859"]
[WhiteTeam "FRA"]
[BlackTeam "BIH"]
[WhiteClock "0:00:02"]
[BlackClock "0:00:09"]

1. e4 a6 2. d4 e6 3. Nf3 d5 4. Nbd2 c5 5. dxc5 Bxc5 6. Bd3 Nf6 7. Qe2 Nc6 8. exd5 Nxd5 9. Ne4 Be7 10. O-O Qc7 11. c4 Nf4 12. Bxf4 Qxf4 13. Rfd1 O-O 14. a3 Bd7 15. Bc2 Rad8 16. b4 Ne5 17. Nxe5 Qxe5 18. Rac1 Bc6 19. Bb1 Rxd1+ 20. Rxd1 Rd8 21. Rxd8+ Bxd8 22. Qd3 Be7 23. Qc3 Qf4 24. Qe3 Qe5 25. Qc3 Qh5 26. f3 Qh6 27. Qd2 Qxd2 28. Nxd2 Bg5 29. Nb3 Ba4 30. Bc2 Bf6 31. Na1 Bc6 32. Nb3 Ba4 33. Na1 Bd7 34. Nb3 Bb2 35. Nc5 Bd4+ 36. Kf1 Bxc5 37. bxc5 Bc6 38. Ke2 e5 39. Ke3 f6 40. g3 Kf7 41. f4 exf4+ 42. gxf4 g6 43. h4 h6 44. Bd3 g5 45. fxg5 fxg5 46. hxg5 hxg5 47. Be2 Kf6 48. Bg4 Ke5 49. Bc8 Kf6 50. Kd4 Kg6 51. Bg4 Kf6 52. Ke3 Ke5 53. Bc8 Bh1 54. Bg4 Bc6 1/2-1/2

[Event "January 2 Late 2024"]
[Site "https://www.chess.com"]
[Date "2024.01.02"]
[Round "8"]
[White "Atanasov, Anthony"]
[Black "Remizov, Yaroslav"]
[Result "0-1"]
[Board "34"]
[TimeControl "180+1"]
[WhiteFideId "2623897"]
[BlackFideId "34134015"]
[WhiteElo "2674"]
[BlackElo "2840"]
[WhiteTeam "CAN"]
[BlackTeam "RUS"]
[WhiteClock "0:00:00"]
[BlackClock "0:00:15"]

1. d4 d5 2. Bf4 Nf6 3. e3 c5 4. Nf3 Nc6 5. Nbd2 g6 6. dxc5 Bg7 7. Bb5 Nd7 8. c4 Nxc5 9. cxd5 Qxd5 10. O-O O-O 11. Nc4 Nd3 12. Nb6 Qxb5 13. Nxa8 Nxf4 14. exf4 Bg4 15. Nc7 Qa5 16. Nd5 Rd8 17. Nxe7+ Nxe7 18. Qb3 Qb6 19. Rad1 Rxd1 20. Rxd1 Qxb3 21. Rd8+ Bf8 22. axb3 Bxf3 23. gxf3 Nc6 24. Rc8 Kg7 25. Kg2 Bd6 26. f5 gxf5 27. h4 h5 28. Re8 Be5 29. b4 a6 30. b3 Bf6 31. b5 axb5 32. Rc8 b4 33. Rc7 Bc3 34. Rxb7 Nd4 0-1

[Event "January 2 Late 2024"]
[Site "https://www.chess.com"]
[Date "2024.01.02"]
[Round "8"]
[White "Panchenko, Dmitry"]
[Black "Golubev, Mikhail"]
[Result "1-0"]
[Board "35"]
[TimeControl "180+1"]
[WhiteFideId "4169158"]
[BlackFideId "14100983"]
[WhiteElo "2822"]
[BlackElo "2633"]
[WhiteTeam "RUS"]
[BlackTeam "UKR"]
[WhiteClock "0:01:29"]
[BlackClock "0:00:15"]

1. e4 c5 2. Nf3 d6 3. d4 Nf6 4. Nc3 cxd4 5. Nxd4 g6 6. Be3 Bg7 7. f3 O-O 8. Qd2 Nc6 9. O-O-O d5 10. Nxc6 bxc6 11. Bh6 Bxh6 12. Qxh6 Rb8 13. e5 Nd7 14. Rd4 Re8 15. e6 Nf6 16. exf7+ Kxf7 17. Ra4 a5 18. g4 Qb6 19. b3 Qc5 20. Kb2 Rb4 21. a3 Rxa4 22. Nxa4 Qd4+ 23. Nc3 a4 24. b4 c5 25. b5 Be6 26. Bh3 Rf8 27. g5 Nh5 28. Bxe6+ Kxe6 29. Qxf8 Nf4 30. Re1+ Kd7 31. Rxe7+ 1-0

[Event "January 2 Late 2024"]
[Site "https://www.chess.com"]
[Date "2024.01.02"]
[Round "8"]
[White "Pakleza, Zbigniew"]
[Black "Poltorak, Sebastian"]
[Result "1-0"]
[Board "36"]
[TimeControl "180+1"]
[WhiteFideId "1119290"]
[BlackFideId "1199498"]
[WhiteElo "2814"]
[BlackElo "2628"]
[WhiteTeam "POL"]
[BlackTeam "POL"]
[WhiteClock "0:00:06"]
[BlackClock "0:00:00"]

1. d4 Nf6 2. Nf3 b6 3. Bf4 Bb7 4. e3 e6 5. Nbd2 d5 6. Bd3 Bd6 7. Bg3 Bxg3 8. hxg3 Nbd7 9. c3 h6 10. Qc2 Qe7 11. O-O-O O-O-O 12. e4 dxe4 13. Nxe4 Nxe4 14. Bxe4 Qd6 15. Rhe1 Rhe8 16. Kb1 Bxe4 17. Qxe4 Qd5 18. Qg4 Qf5+ 19. Qxf5 exf5 20. Kc2 c6 21. a4 Kc7 22. b4 Nf6 23. Ne5 Re7 24. b5 Rde8 25. bxc6 Nd5 26. Rh1 f6 27. Nd3 Re2+ 28. Rd2 Kxc6 29. c4 Rxd2+ 30. Kxd2 Nc7 31. Re1 Rxe1 32. Nxe1 Kd6 33. Nc2 Ne6 34. Kc3 h5 35. Ne3 g6 36. Nd5 Ng5 37. f3 Ke6 38. Nc7+ Kd7 39. Nd5 Ke6 40. Kb4 Nf7 41. Nc7+ Kd7 42. Nd5 Ke6 43. Nf4+ Kd6 44. Nxg6 Ng5 45. Nh4 Ne6 46. Nxf5+ Kd7 47. d5 Nc5 48. a5 Nd3+ 49. Kc3 Ne1 50. axb6 axb6 51. Ne3 Kd6 52. Kd2 1-0